 Dungeon Crawl Stone Soup version 0.29-a0-993-g4a18f31a58 (webtiles) character file.

Game seed: 12420822343732866419

635 ytrimaz the Spear-Bearer (level 7, 0/52 HPs)
             Began as a Formicid Fighter on Aug 3, 2022.
             Slain by an orc warrior
             ... wielding a +0 hand axe
              (10 damage)
             ... on level 5 of the Dungeon.
             The game lasted 00:07:49 (4447 turns).

ytrimaz the Spear-Bearer (Formicid Fighter)         Turns: 4447, Time: 00:07:50

Health: 0/52       AC: 10    Str: 23    XL:     7   Next: 79%
Magic:  7/7        EV:  9    Int:  7    God:
Gold:   64         SH:  5    Dex: 13    Spells: 6/6 levels left

rFire   . . .      SeeInvis +   d - +1 scythe
rCold   + . .      Faith    .   c - +0 buckler
rNeg    + . .      Spirit   .   b - +0 scale mail
rPois   +          Reflect  .   (helmet unavailable)
rElec   .          Harm     .   o - +0 cloak
rCorr   .          Rampage  .   e - +0 pair of gloves
Will    .....                   m - +0 pair of boots
Stlth   ..........              (no amulet)
HPRegen 0.17/turn               r - ring of positive energy
MPRegen 0.10/turn               (no ring)

@: no status effects
A: permanent stasis, dig shafts and tunnels, antennae 3, four strong arms, cold
resistance 1, poison resistance, noise suppression
a: Dig, Shaft Self


You were on level 5 of the Dungeon.
You visited 1 branch of the dungeon, and saw 5 of its levels.

You collected 274 gold pieces.
You spent 210 gold pieces at shops.

Inventory:

Hand Weapons
 a - a +0 trident
 d - a +1 scythe (weapon)
Armour
 b - a +0 scale mail (worn)
 c - a +0 buckler (worn)
 e - a +0 pair of gloves (worn)
 m - a +0 pair of boots (worn)
 o - a +0 cloak (worn)
Jewellery
 p - a ring of wizardry
 r - a ring of positive energy (left hand)
Scrolls
 k - 2 scrolls of enchant weapon
Potions
 f - 2 potions of brilliance
 g - 2 potions of mutation
 h - 2 potions of lignification
 i - 5 potions of curing
 j - a potion of degeneration
 l - a potion of heal wounds {unknown}
 n - a potion of resistance {unknown}
 q - a potion of flight {unknown}


   Skills:
 - Level 3.2 Fighting
 + Level 8.2 Polearms
 - Level 3.2 Armour
 - Level 4.0 Shields


You had 6 spell levels left.
You didn't know any spells.
Your spell library contained the following spells:

 Spells                   Type           Power      Damage    Failure   Level
 Beastly Appendage        Tmut           0%         N/A       82%         1
 Static Discharge         Conj/Air       0%         3-3/arc   91%         2
 Wereblood                Tmut           0%         N/A       91%         2
 Conjure Flame            Conj/Fire      0%         6-21      99%         3
 Ignite Poison            Fire/Tmut/Pois 0%         N/A       99%         3
 Spider Form              Tmut/Pois      0%         N/A       99%         3
 Hailstorm                Conj/Ice       0%         3d3       100%        4
 Sticky Flame             Conj/Fire      0%         2d3       100%        4
 Summon Ice Beast         Ice/Summ       0%         N/A       100%        4
 Summon Mana Viper        Hex/Summ       0%         N/A       100%        5
 Starburst                Conj/Fire      0%         6d3       100%        6
 Monstrous Menagerie      Summ           0%         N/A       100%        7


Dungeon Overview and Level Annotations

Branches:
Dungeon (5/15)
 Temple: D:4-7

Altars:
Uskayaw

Shops:
D:3 [   D:4 ?


Innate Abilities, Weirdness & Mutations

You cannot be hasted, slowed, berserked, paralysed or teleported.
You can dig through walls and to a lower floor.
You have a pair of large antennae on your head. (SInv)
Your four strong arms can wield two-handed weapons with a shield.
Your flesh is cold resistant. (rC+)
Your system is resistant to poisons. (rPois)
You passively dampen the noise of your surroundings.


Message History

The orc barely misses you.
You barely miss the orc warrior.
The orc warrior is heavily wounded.
The orc warrior hits you with a +0 hand axe!
The orc closely misses you.
The orc warrior hits you with a +0 hand axe.
The orc hits you but does no damage.
You barely miss the orc. You block the orc warrior's attack.
You block the orc's attack.
You slash the orc warrior!
The orc warrior is severely wounded.
The orc warrior barely misses you. The orc hits you with a +0 club.
You closely miss the orc. The orc warrior barely misses you.
The orc hits you but does no damage.
Unknown command.
You hit the orc warrior but do no damage.
The orc warrior is severely wounded.
The orc warrior hits you with a +0 hand axe!
You block the orc's attack.
You closely miss the orc warrior.
The orc warrior is severely wounded.
The orc warrior closely misses you. The orc hits you but does no damage.
Unknown command.
You closely miss the orc warrior.
The orc warrior is severely wounded.
The orc warrior barely misses you. The orc hits you but does no damage.
You closely miss the orc warrior.
The orc warrior is severely wounded.
The orc warrior hits you with a +0 hand axe!
* * * LOW HITPOINT WARNING * * *
The orc hits you with a +0 club.
* * * LOW HITPOINT WARNING * * *
Unknown command.
You barely miss the orc warrior.
The orc warrior is severely wounded.
You block the orc warrior's attack. The orc hits you but does no damage.
You closely miss the orc warrior.
The orc warrior is severely wounded.
The orc warrior hits you with a +0 hand axe!
You die...

...# #.# #.#
.#.## #.# #.#
###.## #.# #.# #
##.###.# #.#
###......######.#
.#..............#
#.############..#
...< #..## ####.
#.o@# ## #.#o#
.###.# #.#o#
...... .#...
.###.# .# #..o .#
# ..... #.# .#.#.
##.# . .# #..


You could see an orc warrior and 2 orcs.

Vanquished Creatures
  Sigmund (D:2)
  An ice beast (D:5)
  2 hounds
  An orc priest (D:4)
  An iguana (D:4)
  2 orc wizards
  Robin (D:4)
  4 gnolls (D:3)
  4 adders
  2 ufetubi
  5 dart slugs
  12 orcs
  4 bats
  8 endoplasms
  5 giant cockroaches
  11 goblins
  8 hobgoblins
  11 jackals
  4 quokkas
  3 ball pythons
  2 frilled lizards
  7 kobolds
  5 rats
104 creatures vanquished.

Notes
Turn   | Place    | Note
-------+----------+-------------------------------------------
     0 | D:1      | ytrimaz the Formicid Fighter began the quest for the Orb.
     0 | D:1      | Reached XP level 1. HP: 18/18 MP: 1/1
    15 | D:1      | Found a faded altar of an unknown god.
   108 | D:1      | Reached XP level 2. HP: 24/24 MP: 2/2
   260 | D:1      | Reached skill level 3 in Polearms
   415 | D:1      | You fall into a shaft and drop 1 floor!
   445 | D:2      | Reached XP level 3. HP: 10/29 MP: 3/3
   929 | D:2      | Noticed Sigmund
   937 | D:2      | Killed Sigmund
   938 | D:2      | Reached skill level 5 in Polearms
   938 | D:2      | Reached XP level 4. HP: 16/35 MP: 4/4
   938 | D:2      | Reached XP level 5. HP: 18/41 MP: 5/5
   938 | D:2      | Reached XP level 6. HP: 21/47 MP: 6/6
  1394 | D:1      | Reached skill level 6 in Polearms
  2845 | D:3      | Reached XP level 7. HP: 29/52 MP: 7/7
  2981 | D:3      | Found Xabouch's Armour Shop.
  2991 | D:3      | Bought a +0 pair of boots for 45 gold pieces
  2991 | D:3      | Bought a +0 cloak for 45 gold pieces
  3251 | D:4      | Reached skill level 7 in Polearms
  3580 | D:4      | Found Puphuuh's Magic Scroll Shoppe.
  3634 | D:4      | Bought a scroll of identify for 24 gold pieces
  3634 | D:4      | Bought a scroll of identify for 24 gold pieces
  3634 | D:4      | Bought a scroll of identify for 24 gold pieces
  3634 | D:4      | Bought a scroll of identify for 24 gold pieces
  3634 | D:4      | Bought a scroll of identify for 24 gold pieces
  3641 | D:4      | Gained mutation: You passively dampen the noise of your
                  | surroundings. [potion of mutation]
  3641 | D:4      | Gained mutation: Your flesh is cold resistant. (rC+)
                  | [potion of mutation]
  3641 | D:4      | Gained mutation: Your system is resistant to poisons.
                  | (rPois) [potion of mutation]
  3700 | D:4      | Noticed Robin
  3711 | D:4      | Killed Robin
  3763 | D:4      | Got Nucrubu's Grimoire of Blazing Concussion
  3852 | D:4      | Found a hide-covered altar of Uskayaw.
  4121 | D:5      | Entered Level 5 of the Dungeon
  4218 | D:5      | Reached skill level 8 in Polearms
  4447 | D:5      | Slain by an orc warrior

Illustrated notes

Levels and vault maps discovered:
D:1:      sevenhm_arrival_forest_fort_small_6, layout_basic,
          ebering_ecumenical_altar_box, amcnicky_mini_corridor_feature,
          chequers_decorated_corner
D:2:      layout_loops_ring, uniq_sigmund
D:3:      layout_loops_ring, serial_shops, nicolae_lakefront_shop
D:4:      layout_basic, mainiacjoe_overflow_boulevard, serial_shops,
          nicolae_stop_n_shop_1, uniq_robin
D:5:      layout_loops_ring, fedhas_ov_isle_minmay, minmay_temple_entry_arrows,
          uniq_ijyb

Skill      XL: |  1  2  3  4  5  6  7 |
---------------+----------------------+-----
Polearms       | 3 5 6 8 |  8.2
Fighting       | |  3.2
Armour         | |  3.2
Shields        | |  4.0

Action                   |  1- 3 |  4- 6 |  7- 9 || total
-------------------------+-------+-------+-------++-------
Melee: Trident           |    96 |   129 |       ||   225
       Halberd           |       |    17 |   109 ||   126
 Abil: Dig               |       |       |     1 ||     1
  Use: Scroll            |     1 |     4 |     9 ||    14
       Potion            |     1 |       |     2 ||     3
Armor: Scale mail        |    39 |    57 |    67 ||   163
Dodge: Dodged            |    53 |    50 |    54 ||   157
Block: Buckler           |    21 |    17 |    28 ||    66

Table legend: (Time is in decaauts)
 A = Elapsed time spent in this place.
 B = Non-inter-level travel time spent in this place.
 C = Inter-level travel time spent in this place.
 D = Time resting spent in this place.
 E = Time spent auto-exploring this place.
 F = Levels seen in this place.
 G = Mean time per level.
                   A        B        C        D        E       F      G
               +--------+--------+--------+--------+--------+-----+--------+
         Total |   4485 |   4363 |    122 |    263 |   3325 |   5 |  897.0 |
       Dungeon |   4485 |   4363 |    122 |    263 |   3325 |   5 |  897.0 |
               +--------+--------+--------+--------+--------+-----+--------+

Top non-repeatable levels by time:
     D:3: 1333 daAuts
     D:2: 1054 daAuts
     D:4: 888 daAuts
     D:1: 879 daAuts
     D:5: 330 daAuts
